 Dungeon Crawl Stone Soup version 0.22-a0-776-ge6d7efa (webtiles) character file.

52 torrenera the Skirmisher (level 3, 0/41 HPs)
             Began as an Ogre Fighter on July 18, 2018.
             Slain by a goblin (3 damage)
             ... led by Robin
             ... on level 1 of the Dungeon.
             The game lasted 00:01:53 (1590 turns).

torrenera the Skirmisher (Ogre Fighter)             Turns: 1590, Time: 00:01:53

Health: 0/41       AC:  3    Str: 20    XL:     3   Next: 85%
Magic:  3/3        EV:  8    Int:  9    God:
Gold:   6          SH:  8    Dex:  9    Spells: 2/2 levels left

rFire    . . .     SeeInvis .   a - +0 flail
rCold    . . .     Gourm    .   c - +0 shield
rNeg     . . .     Faith    .   b - +0 robe
rPois    .         Spirit   .   (helmet restricted)
rElec    .         Reflect  .   (no cloak)
rCorr    .         Harm     .   (gloves unavailable)
MR       .....                  (boots unavailable)
Stlth    +.........             (no amulet)
HPRegen  0.13/turn              (no ring)
MPRegen  0.08/turn              (no ring)

@: lethally poisoned (0 -> -3)
A: large, unfitting armour, tough skin 1
a: no special abilities


You were on level 1 of the Dungeon.
You were not hungry.

You visited 1 branch of the dungeon, and saw 2 of its levels.

You collected 6 gold pieces.

Inventory:

Hand Weapons
 a - a +0 flail (weapon)
Missiles
 h - 23 stones (quivered)
Armour
 b - a +0 robe (worn)
 c - a +0 shield (worn)
Scrolls
 e - a scroll of teleportation {unknown}
 i - a scroll of identify {unknown}
 j - a scroll of remove curse {unknown}
Potions
 d - a potion of might
Comestibles
 f - a ration


   Skills:
 + Level 4.9 Fighting
 * Level 3.1 Maces & Flails
 - Level 2.6 Dodging
 - Level 2.6 Shields


You had 2 spell levels left.
You didn't know any spells.
Your spell library was empty.

Dungeon Overview and Level Annotations

Branches:
Dungeon (2/15)

Altars:

Annotations:
D:2 Robin


Innate Abilities, Weirdness & Mutations

You are too large for most types of armour.
You have tough skin. (AC +1)


Message History

You block the adder's attack. The goblin hits you.
* * * LOW HITPOINT WARNING * * *
You thump the adder!
You kill the adder!
Your Maces & Flails skill increases to level 3!
* * * LOW HITPOINT WARNING * * *
You feel sick. The goblin barely misses you.
You see here an adder corpse.
* * * LOW HITPOINT WARNING * * *
You feel sick.
The goblin no longer looks unusually strong.
Okay, then.
You hit the goblin.
The goblin is heavily wounded.
You block the goblin's attack.
You barely miss the goblin.
The goblin is heavily wounded.
* * * LOW HITPOINT WARNING * * *
You feel sick. You block the goblin's attack. The goblin hits you.
You die...

.......###................##.#
.......# #################.#.#
.......# #...............#.#.#
####'#.# #.#########.......#.#
#.#.# #.#.......#.#.#.#)#.#
#...###'#+####.##.#...#.#.#
########..........>..#.#.#.#.#
.......'.........g.....#.#...#
.#######........@#######.#####
.......'.........# #.#
.#######.........# #.########
.#.#####.........# #[.......#
.#....##.........#######........#
.#.##.##.........##.............#
.#.##'##..>......##..............
.#.#.....####+#####..............
.#.#.....'....# #.'......####....


You could see a goblin.

Vanquished Creatures
  2 adders
  A dart slug (D:1)
  A leopard gecko (D:1)
  2 giant cockroaches (D:1)
  6 goblins
  5 hobgoblins
  A ball python (D:1)
  6 bats
  2 frilled lizards (D:1)
  A kobold (D:1)
  2 rats (D:1)
29 creatures vanquished.

Notes
Turn   | Place    | Note
-------+----------+-------------------------------------------
     0 | D:1      | torrenera the Ogre Fighter began the quest for the Orb.
     0 | D:1      | Reached XP level 1. HP: 24/24 MP: 1/1
   153 | D:1      | Reached XP level 2. HP: 6/33 MP: 2/2
  1344 | D:2      | Reached XP level 3. HP: 39/40 MP: 3/3
  1358 | D:2      | Noticed Robin
  1590 | D:1      | Slain by a goblin

Vault maps used:
D:1:      dpeg_arrival_court
D:2:      lemuel_round_altar, uniq_robin, uniq_terence

Skill      XL: |  1  2  3 |
---------------+----------+-----
Maces & Flails | 2 3 |  3.1
Fighting       | |  4.9
Dodging        | |  2.6
Shields        | |  2.6

Action                   || total
-------------------------++-------
Melee: Flail             ||   107
  Eat: Chunk             ||     2
Armor: Robe              ||    44
Dodge: Dodged            ||    59
Block: Shield            ||    53

Table legend:
 A = Spawn XP
 B = Non-spawn XP
 C = Spawn XP percentage of total XP
 D = Spawn monster count
 E = Non-spawn monster count
 F = Spawn count percentage of total count
 G = Total turns spent on level
                    A         B        C        D         E        F      G
               +---------+---------+-------+---------+---------+-------+---------
         Total |       0 |      75 |   0.0 |       0 |      29 |   0.0 |  1590
               +---------+---------+-------+---------+---------+-------+---------
           D:1 |       0 |      45 |   0.0 |       0 |      20 |   0.0 |  1536
           D:2 |       0 |      30 |   0.0 |       0 |       9 |   0.0 |    54
               +---------+---------+-------+---------+---------+-------+---------
